Map: Central Protocol

Players

CMStormPolt (Polt) - Winner!

  • Race: Terran Terran
  • League: Grandmaster

Neeb

  • Race: Protoss Protoss
  • League: Grandmaster

VOD

Have the link to the VOD?

Description

Time

  • Played on: Feb. 13, 2016, 8:52 p.m.
  • Length: 11:01
Show
View Real Time Build Order
Export as new Build Order

CMStormPolt Terran - Winner!

Build Orders: Reaper Expand, MMM Bio 

Get SALT Encoding   

  12  0:00  SCV  
  13  0:12  SCV  
  14  0:17  Supply Depot  
  14  0:25  SCV  
  15  0:38  SCV  
  15  0:39  Barracks  
  16  0:45  Refinery  
  16  0:50  SCV  
  17  1:03  SCV  
  18  1:15  SCV  
  19  1:27  Orbital Command, Reaper  
  20  1:42  Command Center  
  20  1:51  Supply Depot  
  20  1:52  SCV  
  21  2:00  Barracks Reactor  
  21  2:04  SCV  
  21  2:08  Barracks  
  22  2:17  SCV  
  23  2:24  Factory  
  23  2:32  SCV  
  23  2:36  Marine x2, Refinery  
  26  2:44  SCV  
  27  2:54  Orbital Command  
  27  2:55  Marine x2, Barracks Tech Lab  
  27  2:56  SCV  
  30  3:08  SCV  
  30  3:09  Starport  
  30  3:10  Widow Mine  
  33  3:20  SCV  
  33  3:22  SCV  
  33  3:26  Marine x3  
  38  3:35  SCV  
  38  3:36  SCV  
  38  3:40  Supply Depot  
  38  3:41  Stimpack  
  40  3:42  Widow Mine  
  40  3:48  Marine x3  
  45  3:49  SCV  
  46  3:58  Supply Depot  
  46  4:01  Medivac  
  46  4:02  SCV  
  49  4:05  SCV  
  49  4:07  Engineering Bay, Marine x2  
  49  4:08  Marine  
  53  4:14  SCV  
  53  4:17  Factory Reactor  
  54  4:19  Supply Depot, SCV  
  54  4:26  SCV  
  55  4:31  SCV  
  55  4:32  Marine x3  
  55  4:38  Medivac, SCV  
  60  4:43  SCV  
  60  4:44  Refinery  
  60  4:45  Supply Depot  
  63  4:48  Barracks  
  63  4:49  Missile Turret  
  63  4:50  SCV  
  64  4:53  Marauder, Marine x2  
  64  4:55  SCV  
  69  5:00  Terran Infantry Weapons Level 1  
  69  5:02  SCV  
  69  5:04  Factory Reactor  
  70  5:08  SCV  
  71  5:14  SCV  
  71  5:17  Marine x2, Missile Turret  
  71  5:18  Marauder  
  76  5:23  Viking  
  76  5:28  Refinery  
  78  5:37  Barracks  
  78  5:38  Barracks  
  78  5:44  SCV x2  
  78  5:48  Command Center  
  78  5:50  Combat Shields  
  78  5:55  Marauder  
  80  5:57  Supply Depot  
  74  6:19  Marauder, Marine x4  
  74  6:20  SCV x2  
  74  6:22  Widow Mine  
  74  6:24  Medivac x2  
  88  6:32  SCV x2  
  90  6:33  Supply Depot  
  90  6:36  Supply Depot  
  90  6:40  Liberator, Barracks Reactor, Barracks Tech Lab  
  90  6:41  Marauder, Liberator, Marine x2  
  94  6:54  SCV x2, Marine x2  
  94  6:59  Widow Mine  
  106  7:05  Orbital Command  
  106  7:06  SCV x2  
  108  7:09  Terran Infantry Armor Level 1  
  108  7:12  Marauder x2  
  108  7:14  Marine x4  
  113  7:19  SCV x2  
  110  7:31  Marine x2  
  110  7:32  Marine x4  
  110  7:33  Marauder x2  
  119  7:38  Widow Mine  
  119  7:41  Medivac x2  
  125  7:45  SCV x2  
  125  7:46  SCV  
  120  7:54  Marine x3  
  120  7:55  Marauder x2  
  125  7:59  Supply Depot, Marine x3  
  125  8:01  Supply Depot  
  116  8:08  Engineering Bay, Armory  
  113  8:14  SCV x3  
  116  8:21  Marauder x2  
  116  8:22  Marine x4  
  124  8:34  SCV x3  
  118  8:38  Missile Turret  
  118  8:44  Marauder x2  
  118  8:46  SCV x3  
  118  8:48  Marine x6  
  130  9:02  Concussive Shells  
  129  9:05  SCV  
  129  9:06  SCV x2  
  124  9:10  Marauder x2, Marine x6  
  124  9:12  Medivac  
  131  9:28  Marine x6  
  133  9:32  Marauder x2  
  133  9:37  Medivac  
  137  9:42  Medivac  
  137  9:45  SCV x3  
  120  9:50  Liberator  
  120  9:51  Marine x4  
  120  9:52  Marine x2  
  126  9:53  Marauder x2  
  126  9:55  Liberator  
  126  9:58  Widow Mine  
  116  10:21  Marauder x2, Marine x6  
Show
View Real Time Build Order
Export as new Build Order

Neeb Protoss 

Build Orders: 1 Gate Expand 

Get SALT Encoding   

  12  0:00  Probe (Chrono Boost)  
  13  0:11  Probe (Chrono Boost)  
  14  0:18  Pylon  
  14  0:21  Probe (Chrono Boost)  
  15  0:36  Gateway, Probe (Chrono Boost)  
  16  0:46  Probe (Chrono Boost)  
  16  0:48  Assimilator  
  18  0:57  Probe (Chrono Boost)  
  18  1:07  Probe (Chrono Boost)  
  19  1:19  Nexus  
  19  1:23  Probe (Chrono Boost)  
  20  1:31  Cybernetics Core  
  20  1:35  Probe (Chrono Boost)  
  21  1:41  Assimilator  
  21  1:46  Probe (Chrono Boost)  
  22  1:50  Pylon  
  22  1:56  Probe (Chrono Boost)  
  23  2:07  Probe (Chrono Boost), Warp Gate  
  23  2:08  Adept (Chrono Boost)  
  26  2:21  Mothership Core (Chrono Boost)  
  28  2:30  Probe (Chrono Boost)  
  28  2:31  Adept (Chrono Boost)  
  31  2:41  Probe x2 (Chrono Boost)  
  33  2:48  Pylon  
  33  2:50  Robotics Facility  
  33  2:52  Probe x2 (Chrono Boost)  
  35  3:02  Probe (Chrono Boost)  
  35  3:03  Probe (Chrono Boost)  
  38  3:13  Probe x2 (Chrono Boost)  
  39  3:23  Probe (Chrono Boost)  
  39  3:24  Probe (Chrono Boost)  
  41  3:28  Gateway  
  41  3:30  Gateway  
  41  3:34  Probe x2 (Chrono Boost)  
  42  3:37  Robotics Bay  
  42  3:40  Observer  
  44  3:42  Assimilator  
  44  3:44  Probe (Chrono Boost)  
  44  3:46  Probe (Chrono Boost)  
  44  3:47  Assimilator  
  46  3:53  Pylon  
  46  3:56  Probe x2 (Chrono Boost)  
  48  4:05  Warp Prism (Chrono Boost), Probe  
  48  4:06  Probe  
  52  4:16  Probe  
  52  4:18  Probe  
  54  4:25  Pylon  
  54  4:27  Gravitic Drive, Probe  
  54  4:30  Probe  
  56  4:32  Pylon  
  56  4:35  Pylon  
  56  4:37  Probe  
  57  4:38  Observer (Chrono Boost)  
  57  4:41  Sentry  
  57  4:42  Stalker  
  62  4:47  Nexus  
  62  4:48  Probe  
  62  4:49  Probe  
  64  4:57  Disruptor (Chrono Boost)  
  64  4:58  Stalker  
  64  4:59  Probe  
  69  5:00  Probe  
  71  5:10  Probe  
  72  5:14  Twilight Council, Probe, Pylon  
  72  5:20  Probe, Pylon  
  73  5:27  Probe  
  73  5:28  Disruptor (Chrono Boost)  
  78  5:35  Gateway  
  78  5:36  Gateway  
  78  5:38  Gateway  
  80  5:45  Stalker x2  
  80  5:46  Stalker  
  82  5:53  Pylon  
  82  5:54  Probe  
  82  5:55  Probe  
  84  5:59  Observer (Chrono Boost), Blink (Chrono Boost)  
  84  6:00  Probe  
  86  6:06  Probe  
  86  6:07  Probe  
  86  6:11  Probe  
  87  6:16  Stalker  
  87  6:17  Stalker  
  89  6:18  Probe  
  89  6:19  Probe  
  89  6:21  Observer, Probe  
  92  6:30  Probe  
  92  6:31  Probe  
  92  6:32  Probe  
  94  6:34  Forge  
  94  6:35  Forge  
  94  6:37  Sentry x2  
  94  6:38  Stalker  
  94  6:39  Stalker  
  103  6:40  Observer  
  103  6:42  Probe  
  103  6:46  Assimilator x2  
  105  6:57  Immortal  
  105  6:58  Pylon  
  105  6:59  Pylon  
  105  7:01  Pylon  
  105  7:08  Protoss Ground Armor Level 1  
  109  7:09  Protoss Ground Weapons Level 1  
  109  7:20  Stalker x4  
  109  7:21  Zealot x2  
  114  7:31  Immortal  
  114  7:36  Probe x2  
  105  7:39  Probe  
  93  7:48  Probe x2, Stalker x3  
  93  7:49  Stalker x2  
  95  7:53  Probe  
  96  8:00  Probe x2  
  96  8:03  Probe  
  97  8:05  Immortal  
  97  8:12  Probe  
  103  8:13  Mothership Core  
  103  8:14  Probe  
  103  8:19  Sentry  
  107  8:20  Zealot x4, Stalker  
  107  8:24  Probe  
  118  8:36  Charge (Chrono Boost)  
  118  8:41  Probe  
  119  8:44  Pylon x2  
  119  8:46  Stalker x3  
  119  8:47  Stalker  
  127  8:55  Immortal  
  125  9:04  Stalker x2  
  125  9:12  Stalker x3  
  127  9:20  Stalker  
  127  9:23  Probe x2  
  127  9:32  Pylon x2  
  127  9:34  Immortal  
  120  9:46  Stalker x2  
  124  9:54  Gateway  
  124  9:55  Gateway  
  124  9:57  Gateway  
  124  9:58  Gateway  
  112  10:08  Immortal  
  112  10:09  Mothership Core, Pylon  
  112  10:11  Pylon  
  100  10:18  Sentry x2  
  86  10:32  Stalker x2  
  76  10:46  Stalker  
  76  10:47  Stalker  
  75  10:53  Stalker x2  
  75  10:54  Stalker x2  
  74  10:58  Zealot  
  74  10:59  Zealot  
Tags
 
Add a new tag
Caveats
  • Supply blocks, unpowered buildings, or Contaminate may cause inaccurate times.
  • Supply counts are checked every 10 seconds.